AoeStats
← davidi

Arena

505304514Analyzed
2v2 RM · 25d ago on Sep 8, 2026· 42m 50s· 4 players
Game mode
Random Map
Map size
Medium (4 player)
Population
200
Speed
Normal
Resources
Standard
Victory
Conquest
Starting age
Dark Age
Ending age
Imperial Age
RankedLock teamsTeams togetherTeam positionsShared explorationLock speedFull tech treeHidden civsTurbo modeCheats
Victory
Defeat
🇮🇹 Gurjaras · Italy
1224
+16
🇬🇧 Bulgarians · United Kingdom
1221
+16
🇸🇰 Turks · Slovakia
1218
-16
🇸🇰 Sicilians · Slovakia
1218
-16
fortunes
12:03 Feudal Age
16:24 Castle Age
20:54 Imperial Age
22:44 Double-Bit Axe
28:36 Horse Collar
31:00 Gold Mining
31:23 Bow Saw
31:15 Heavy Plow
35:19 Fortified Wall
davidi
5:35 Loom
11:43 Feudal Age
15:35 Castle Age
13:30 Double-Bit Axe
13:34 Horse Collar
16:24 Heavy Plow
16:51 Bow Saw
21:05 Wheelbarrow
26:38 Bloodlines
26:29 Husbandry
26:37 Scale Barding Armor
27:34 Forging
35:34 Imperial Age
32:43 Pikeman
33:23 Squires
33:10 Gambesons
33:50 Arson
34:07 Scale Mail Armor
34:43 Iron Casting
34:00 Fletching
34:00 Town Watch
35:41 Halberdier
36:31 Cavalier
39:46 Masonry
39:58 Ballistics
40:53 Chain Barding Armor
PoTaToH
11:14 Feudal Age
15:02 Castle Age
12:57 Double-Bit Axe
13:27 Horse Collar
16:17 Bow Saw
19:54 Wheelbarrow
21:16 Heavy Plow
21:49 Scale Barding Armor
22:43 Chain Barding Armor
22:35 Bloodlines
24:00 Loom
24:01 Town Watch
25:03 Husbandry
25:15 Forging
28:34 Iron Casting
29:27 Gold Mining
33:24 Masonry
34:10 Hand Cart
34:56 Gold Shaft Mining
33:46 Light Cavalry
37:08 Imperial Age
37:34 Ballistics
38:31 Plate Barding Armor
37:17 Cavalier
38:12 Stirrups
37:46 Hussar
41:15 Architecture
42:11 Blast Furnace
42:25 Conscription
42:06 Stone Mining
PQ.90Official
10:12 Feudal Age
15:00 Castle Age
14:07 Double-Bit Axe
19:36 Loom
20:29 Wheelbarrow
22:51 Hand Cart
23:21 Fervor
25:10 Bow Saw
24:44 Horse Collar
28:10 Imperial Age
27:01 Kshatriyas
27:13 Scale Barding Armor
27:33 Husbandry
28:06 Bloodlines
28:52 Chain Barding Armor
28:42 Forging
29:02 Heavy Camel Rider
30:49 Iron Casting
32:11 Plate Barding Armor
33:46 Conscription
34:42 Scale Mail Armor
35:17 Fletching
35:41 Elite Shrivamsha Rider
39:02 Elite Chakram Thrower
40:06 Chain Mail Armor
42:37 Arson
43:49 Plate Mail Armor
Connection lost

Rejoining the realm…

Still unreachable

The connection could not be restored.

Session expired

The server has moved on; the page needs a fresh start.